 Dungeon Crawl Stone Soup version 0.29-a0-451-gfbfa42419e (webtiles) character file.

Game seed: 16555628222729121546

7483 YayAnonymity the Spear-Bearer (level 11, -6/93 HPs)
             Began as a Hill Orc Fighter on May 20, 2022.
             Was a Priest of Okawaru.
             Mangled by a wyvern (13 damage)
             ... on level 9 of the Dungeon.
             The game lasted 00:18:57 (10794 turns).

YayAnonymity the Spear-Bearer (Hill Orc Fighter)   Turns: 10794, Time: 00:18:57

Health: -6/93      AC:  9    Str: 24    XL:     11   Next: 16%
Magic:  15/15      EV:  9    Int: 12    God:    Okawaru [***...]
Gold:   499        SH:  9    Dex: 10    Spells: 10/10 levels left

rFire   . . .      SeeInvis +   a - +10 spear of Propriety {vorpal, rElec rC+ Stlth+}
rCold   + . .      Faith    .   c - +0 buckler
rNeg    . . .      Spirit   .   q - +0 chain mail
rPois   .          Reflect  +   (no helmet)
rElec   +          Harm     .   v - +2 cloak
rCorr   .          Rampage  .   u - +0 pair of gloves
Will    .....                   j - +1 pair of boots
Stlth   ..........              f - amulet of Compulsion {Reflect Int+4 SH+5 Stlth+}
HPRegen 0.25/turn               h - ring of see invisible
MPRegen 0.14/turn               (no ring)

@: corroded, studying Axes
A: no striking features
a: Renounce Religion, Heroism


You were on level 9 of the Dungeon.
You worshipped Okawaru.
Okawaru was most pleased with you.
You visited 2 branches of the dungeon, and saw 10 of its levels.

You collected 499 gold pieces.

Inventory:

Hand Weapons
 a - the +10 spear of Propriety (weapon) {vorpal, rElec rC+ Stlth+}
   (You found it on level 2 of the Dungeon)

   It inflicts extra damage upon your enemies.
   rC:        It protects you from cold.
   rElec:     It insulates you from electricity.
   Stlth:     It makes you more stealthy.
 m - a +1 scythe of electrocution
Missiles
 b - 4 atropa-tipped darts
 o - a throwing net
 p - 7 boomerangs
 x - 35 poisoned darts (quivered)
Armour
 c - a +0 buckler (worn)
 j - a +1 pair of boots (worn)
 q - a +0 chain mail (worn)
 u - a +0 pair of gloves (worn)
 v - a +2 cloak (worn)
Jewellery
 f - the amulet of Compulsion (around neck) {Reflect Int+4 SH+5 Stlth+}
   (You acquired it on level 4 of the Dungeon)

   [amulet of reflection]

   It reflects blocked missile attacks.
   Int:       It affects your intelligence (+4).
   SH:        It affects your SH (+5).
   Stlth:     It makes you more stealthy.
 h - a ring of see invisible (left hand)
Wands
 d - a wand of paralysis (13)
 t - a wand of polymorph (14)
 z - a wand of flame (22)
Scrolls
 k - a scroll of enchant weapon
 r - a scroll of fear
 y - 3 scrolls of teleportation
 D - a scroll of poison
Potions
 e - a potion of attraction
 g - 2 potions of flight
 i - 5 potions of curing
 l - 2 potions of lignification
 n - 3 potions of brilliance
 s - a potion of mutation {unknown}
 w - a potion of haste {unknown}
 A - a potion of magic {unknown}
 B - a potion of berserk rage {unknown}
 C - a potion of might


   Skills:
 + Level 7.6 Fighting
 - Level 4.2 Maces & Flails
 - Level 12.0 Polearms
 + Level 4.1 Throwing
 + Level 7.2 Armour
 - Level 5.0 Dodging
 - Level 4.0 Shields
 + Level 5.9 Invocations


You had 10 spell levels left.
You didn't know any spells.
Your spell library contained the following spells:

 Spells                   Type           Power      Damage    Failure   Level
 Shock                    Conj/Air       0%         1d3       95%         1
 Slow                     Hex            0%         N/A       95%         1
 Static Discharge         Conj/Air       0%         N/A       99%         2
 Confusing Touch          Hex            0%         N/A       100%        3
 Gell's Gravitas          Tloc           0%         N/A       100%        3
 Lesser Beckoning         Tloc           0%         N/A       100%        3
 Ozocubu's Armour         Ice            0%         N/A       100%        3
 Swiftness                Air            0%         N/A       100%        3
 Teleport Other           Tloc           0%         N/A       100%        3
 Vampiric Draining        Necr           0%         2d6       100%        3
 Airstrike                Air            0%         N/A       100%        4
 Lightning Bolt           Conj/Air       0%         1d11      100%        5
 Ozocubu's Refrigeration  Ice            0%         4d5       100%        7
 Maxwell's Capacitive Co  Air            0%         ∞         100%        8


Dungeon Overview and Level Annotations

Branches:
Dungeon (9/15)             Temple (1/1) D:6            Lair (0/6) D:8
    Orc: D:9-12

Altars:
Ashenzari
Cheibriados
Elyvilon
Gozag
Hepliaklqana
Kikubaaqudgha
Makhleb
Nemelex Xobeh
Okawaru
Qazlal
Sif Muna
Trog
Uskayaw
Vehumet
Wu Jian
Xom
Yredelemnul
Zin
The Shining One

Shops:
D:3 :   D:4 *   D:6 (:


Message History

You are too injured to fight recklessly!
You are too injured to fight recklessly!
You puncture the acid dragon!
The acid dragon is severely wounded.
You hit the acid dragon.
The acid dragon is severely wounded.
The acid dragon spits acid at you. The splash of acid hits you!!
* * * LOW HITPOINT WARNING * * *
The acid corrodes you!
You hit the acid dragon.
The acid dragon is almost dead.
The wyvern bites you but does no damage.
The acid dragon bites you.
* * * LOW HITPOINT WARNING * * *
You block the acid dragon's attack.
You hit the acid dragon.
You kill the acid dragon!
Okawaru accepts your kill.
You barely miss the wyvern. The wyvern bites you!
* * * LOW HITPOINT WARNING * * *
You hit the wyvern.
The wyvern is moderately wounded.
The wyvern barely misses you.
You closely miss the wyvern.
The wyvern is lightly wounded.
The wyvern bites you.
* * * LOW HITPOINT WARNING * * *
You barely miss the wyvern.
The wyvern is lightly wounded.
You hit the wyvern.
The wyvern is moderately wounded.
The wyvern barely misses you.
You hit the wyvern.
The wyvern is heavily wounded.
You block the wyvern's attack.
You hit the wyvern but do no damage.
The wyvern is heavily wounded.
The wyvern bites you!
You die...

................'))...........##.
#.#..........##)#...#.........#
#.#...#......##.#...##.##.....#
#.#.....#+#####.######.##.....#
..#<..#.# #.# #.########
###.#...# #.# #.# # #.#...#
#.######.# # #.#...# #......... #
#.# #.@...(... # #.# #.l†...... #
#.# #......... # #.# #..(......
###.# #......... '...# #.........
#...# #.#######. #...# #. #...#


You could see a wyvern.

Vanquished Creatures
  2 boulder beetles (D:7)
  2 two-headed ogres
  Pikel (D:4)
  A troll (D:5)
  A hornet (D:6)
  Sigmund (D:2)
  A wyvern (D:8)
  2 wraiths (D:7)
  A steam dragon (D:6)
  An acid dragon (D:9)
  3 water moccasins
  Duvessa (D:5)
  2 black bears
  An orc warrior (D:9)
  2 ice beasts
  4 ogres
  2 centaurs
  A phantom (D:6)
  Blork the orc (D:6)
  A kobold brigand (D:8)
  A bullfrog (D:5)
  A gnoll sergeant (D:9)
  2 necrophages (D:5)
  5 scorpions
  Dowan (D:5)
  A jelly (D:8)
  4 killer bees (D:9)
  4 howler monkeys
  3 hounds
  6 orc priests
  Terence (D:2)
  Natasha (thrice) (D:2)
  5 iguanas
  5 orc wizards
  A statue (D:6)
  Robin (D:3)
  8 gnolls
  8 adders
  A shadow imp (D:7)
  An ufetubus (D:6)
  A dart slug (D:1)
  23 orcs
  7 endoplasms
  6 giant cockroaches
  14 goblins
  6 hobgoblins
  6 jackals
  15 kobolds
  5 quokkas
  7 ball pythons
  7 bats
  4 frilled lizards
  8 rats
202 creatures vanquished.

Vanquished Creatures (others)
  15 plants (D:8)
15 creatures vanquished.

Grand Total: 217 creatures vanquished

Notes
Turn   | Place    | Note
-------+----------+-------------------------------------------
     0 | D:1      | YayAnonymity the Hill Orc Fighter began the quest for the
                  | Orb.
     0 | D:1      | Reached XP level 1. HP: 19/19 MP: 1/1
   225 | D:1      | Reached XP level 2. HP: 7/26 MP: 2/2
  1064 | D:1      | Reached XP level 3. HP: 31/31 MP: 3/3
  1439 | D:2      | Found a white marble altar of Elyvilon.
  1548 | D:2      | Noticed Terence
  1875 | D:2      | Killed Terence
  1876 | D:2      | Reached XP level 4. HP: 21/39 MP: 4/4
  2053 | D:2      | Identified the +10 spear of Propriety {vorpal, rElec rC+
                  | Stlth+}
  2318 | D:2      | Noticed Sigmund
  2328 | D:2      | Killed Sigmund
  2329 | D:2      | Reached skill level 2 in Polearms
  2329 | D:2      | Reached skill level 1 in Dodging
  2329 | D:2      | Reached XP level 5. HP: 29/46 MP: 5/5
  2329 | D:2      | Reached XP level 6. HP: 33/52 MP: 6/6
  2626 | D:2      | You fall into a shaft and drop 2 floors!
  2635 | D:4      | Found Ossun's Assorted Antiques.
  2645 | D:4      | Identified a scroll of acquirement
  2645 | D:4      | Acquired the amulet of Compulsion {Reflect Int+4 SH+5
                  | Stlth+}
  2730 | D:4      | Found a shimmering altar of Xom.
  2735 | D:4      | Noticed Pikel
  2744 | D:4      | Paralysed by Pikel for 2 turns
  2749 | D:4      | Paralysed by Pikel for 4 turns
  2754 | D:4      | Killed Pikel
  2755 | D:4      | Reached skill level 5 in Fighting
  2755 | D:4      | Reached skill level 4 in Polearms
  2755 | D:4      | Reached XP level 7. HP: 27/61 MP: 7/7
  2759 | D:4      | Found an iron altar of Okawaru.
  2759 | D:4      | Found a white marble altar of Elyvilon.
  2765 | D:4      | Found a basalt altar of Yredelemnul.
  2765 | D:4      | Found an opulent altar of Gozag.
  2765 | D:4      | Found a bloodstained altar of Trog.
  3009 | D:4      | Found a shimmering blue altar of Sif Muna.
  3026 | D:4      | Reached skill level 5 in Polearms
  3063 | D:4      | Found a sparkling altar of Nemelex Xobeh.
  3144 | D:4      | Found a hide-covered altar of Uskayaw.
  3398 | D:4      | Reached skill level 5 in Armour
  3555 | D:4      | Reached XP level 8. HP: 68/68 MP: 8/8
  3745 | D:3      | Found Jiasess's Book Emporium.
  3836 | D:3      | Noticed Robin
  3847 | D:3      | Killed Robin
  3965 | D:3      | Reached skill level 6 in Polearms
  4265 | D:2      | Noticed Natasha
  4269 | D:2      | Killed Natasha
  4390 | D:2      | Noticed Natasha
  4397 | D:2      | Killed Natasha
  4583 | D:2      | Found a white marble altar of Elyvilon.
  4603 | D:2      | Noticed Natasha
  4608 | D:2      | Killed Natasha
  5488 | D:5      | Entered Level 5 of the Dungeon
  5528 | D:5      | Noticed Dowan
  5539 | D:5      | Noticed a troll
  5553 | D:5      | Reached skill level 7 in Polearms
  5568 | D:5      | Killed a troll
  5859 | D:5      | Noticed Duvessa
  5889 | D:5      | Killed Duvessa
  5890 | D:5      | Reached skill level 8 in Polearms
  5896 | D:5      | Killed Dowan
  5897 | D:5      | Reached XP level 9. HP: 71/74 MP: 9/9
  5999 | D:5      | Reached skill level 9 in Polearms
  6208 | D:5      | Found a stormy altar of Qazlal.
  6787 | D:6      | Reached skill level 5 in Dodging
  6803 | D:6      | Noticed Blork the orc
  6810 | D:6      | Reached skill level 10 in Polearms
  6818 | D:6      | Killed Blork the orc
  7019 | D:6      | Found Revaff's Weapon Boutique.
  7038 | D:6      | Found Nuren's Book Emporium.
  7038 | D:6      | Noticed a hornet
  7049 | D:6      | Killed a hornet
  7050 | D:6      | Reached skill level 11 in Polearms
  7106 | D:6      | Found a bloodstained altar of Trog.
  7143 | D:6      | Found a radiant altar of Vehumet.
  7352 | D:6      | Found a staircase to the Ecumenical Temple.
  7554 | Temple   | Entered the Ecumenical Temple
  7626 | Temple   | Became a worshipper of Warmaster Okawaru
  7775 | D:7      | Reached skill level 1 in Invocations
  7775 | D:7      | Reached XP level 10. HP: 80/81 MP: 10/10
  7898 | D:7      | Noticed a boulder beetle
  7907 | D:7      | Reached skill level 1 in Throwing
  8124 | D:7      | Killed a boulder beetle
  8124 | D:7      | Reached * piety under Okawaru
  8127 | D:7      | Noticed a boulder beetle
  8308 | D:7      | Reached ** piety under Okawaru
  8309 | D:7      | Reached skill level 12 in Polearms
  8349 | D:7      | HP: 4/83 [boulder beetle (24)]
  8729 | D:7      | HP: 3/83 [boulder beetle (13)]
  9125 | D:7      | Found a glowing silver altar of Zin.
  9205 | D:7      | Killed a boulder beetle
  9673 | D:8      | Found a staircase to the Lair.
  9812 | D:8      | Identified the +4 long sword of Earthquakes {vorpal,
                  | Will+++ Int-4}
  9921 | D:8      | Noticed a two-headed ogre
  9929 | D:8      | Killed a two-headed ogre
  9929 | D:8      | Reached *** piety under Okawaru
 10005 | D:8      | Found a snail-covered altar of Cheibriados.
 10388 | D:9      | Reached skill level 5 in Invocations
 10533 | D:9      | Received a gift from Okawaru
 10550 | D:9      | Reached XP level 11. HP: 74/92 MP: 14/14
 10565 | D:9      | Noticed a two-headed ogre
 10577 | D:9      | Killed a two-headed ogre
 10794 | D:9      | Mangled by a wyvern

Illustrated notes

Levels and vault maps discovered:
D:1:      dpeg_arrival_chambers_temple_mockup, layout_basic
D:2:      layout_basic, basic_altar, minivault_19, uniq_terence, uniq_sigmund,
          uniq_natasha
D:3:      layout_loops_ring, serial_shops, shop, uniq_robin
D:4:      layout_rooms, mainiacjoe_overflow_small_starburst, lemuel_round_altar,
          nicolae_uskayaw_dance_hall, doesnt_xom_only_xom, dk_noncrumbling_4,
          nicolae_stop_n_shop_2, minmay_quantized, uniq_pikel
D:5:      layout_rooms, lemuel_doored_altar, minmay_manual_mail, uniq_duvessa
D:6:      layout_cave_pools, vehumet_statue, mainiacjoe_overflow_brackets,
          minmay_temple_entry_poolview, serial_shops, shop, shop,
          hangedman_decor_slide_cut, uniq_blork_the_orc
D:7:      layout_gridville, mainiacjoe_overflow_alcove_4,
          chequers_serial_rivers_room_b, kb_rosetta
D:8:      layout_basic, mainiacjoe_overflow_cross_hatched, lair_entry_dummy
D:9:      layout_basic, elyvilon_altar_1, lemuel_coloured_pillars_altar,
          enter_bailey_2, minivault_14
Temple:   jpeg_temple_island

Skill      XL: |  1  2  3  4  5  6  7  8  9 10 11 |
---------------+----------------------------------+-----
Maces & Flails | 3 4 |  4.2
Shields        | 4 |  4.0
Fighting       | 4 5 7 |  7.6
Polearms       | 2 4 5 8 11 12 | 12.0
Dodging        | 1 2 4 5 |  5.0
Armour         | 4 5 6 7 |  7.2
Invocations    | 1 5 |  5.9
Throwing       | 3 4 |  4.1

Action                   |  1- 3 |  4- 6 |  7- 9 | 10-12 || total
-------------------------+-------+-------+-------+-------++-------
Melee: Flail             |   125 |     4 |       |       ||   129
       Spear             |       |    32 |   300 |   240 ||   572
Throw: Dart              |       |       |       |     7 ||     7
Invok: Heroism           |       |       |       |     1 ||     1
  Use: Scroll            |       |     5 |     9 |     5 ||    19
       Potion            |       |     1 |       |       ||     1
 Stab: Sleeping          |       |       |    12 |     2 ||    14
       Distracted        |       |       |     1 |       ||     1
Armor: Scale mail        |    69 |     3 |    48 |    12 ||   132
       Chain mail        |       |       |       |    26 ||    26
Dodge: Dodged            |    75 |     5 |    68 |    34 ||   182
Block: Buckler           |    47 |     9 |    78 |    46 ||   180
       Reflection        |       |       |     1 |     3 ||     4

Table legend: (Time is in decaauts)
 A = Elapsed time spent in this place.
 B = Non-inter-level travel time spent in this place.
 C = Inter-level travel time spent in this place.
 D = Time resting spent in this place.
 E = Time spent auto-exploring this place.
 F = Levels seen in this place.
 G = Mean time per level.
                   A        B        C        D        E       F      G
               +--------+--------+--------+--------+--------+-----+--------+
         Total |  10657 |  10198 |    459 |   1827 |   6412 |  10 | 1065.7 |
       Dungeon |  10566 |  10124 |    442 |   1827 |   6361 |   9 | 1174.0 |
        Temple |     90 |     73 |     17 |      0 |     51 |   1 |   90.0 |
               +--------+--------+--------+--------+--------+-----+--------+

Top non-repeatable levels by time:
     D:2: 2236 daAuts
     D:6: 1905 daAuts
     D:1: 1724 daAuts
     D:4: 1268 daAuts
     D:5: 954 daAuts
     D:8: 862 daAuts
     D:7: 673 daAuts
     D:3: 525 daAuts
     D:9: 415 daAuts
  Temple: 90 daAuts
